 Dungeon Crawl Stone Soup version 0.30-a0-603-g51a0fb1b98 (webtiles) character file.

Game seed: 6022737438459718548

2211 Leeroy the Grappler (level 9, -5/69 (76) HPs)
             Began as a Yellow Draconian Transmuter on Jan 7, 2023.
             Slain by a wight
             ... wielding a +4 short sword
              (8 damage)
             ... on level 6 of the Dungeon.
             The game lasted 00:18:44 (7818 turns).

Leeroy the Grappler (Yellow Draconian Transmuter)   Turns: 7818, Time: 00:18:45

HP:   -5/69 (76)    AC:  7    Str: 13    XL:     9   Next: 13%
MP:   19/21         EV: 10    Int: 18    God:
Gold: 318           SH:  0    Dex: 11    Spells: 2/12 levels left

rFire   x . .      SeeInvis .      - Unarmed
rCold   + + +      Faith    .    (shield currently unavailable)
rNeg    . . .      Spirit   .    (body armour unavailable)
rPois   +          Reflect  .    (helmet currently unavailable)
rElec   .          Harm     .    (cloak currently unavailable)
rCorr   .          Rampage  .    (gloves currently unavailable)
Will    .....                    (boots currently unavailable)
Stlth   +                        (no amulet)
HPRegen 0.31/turn                C - ring of poison resistance
MPRegen 0.17/turn                o - ring of magical power

@: ice-form, studying Polearms, drained
A: freezing attack, amphibious, boosted hp, (spit acid), AC +7, large, unfitting
armour, (cold-blooded), (acid resistance)
a: End Transformation


You were on level 6 of the Dungeon.
You were a creature of crystalline ice.
You visited 2 branches of the dungeon, and saw 7 of its levels.

You collected 318 gold pieces.

Inventory:

Hand Weapons
 b - a +0 halberd of venom
 d - a +2 short sword of holy wrath
 h - a +1 dagger of venom
 p - a +2 dagger of venom
 v - a +1 short sword of venom
Missiles
 k - 20 poisoned darts (quivered)
 r - 4 throwing nets
Armour
 q - the +0 helmet of the Blizzard {+Inv rF+}
   (You took it off Robin on level 2 of the Dungeon)

   rF:        It protects you from fire.
   +Inv:      It lets you turn invisible.
Jewellery
 a - a ring of willpower
 f - a ring of protection from fire
 o - a ring of magical power (right front paw)
 C - a ring of poison resistance (left front paw)
Wands
 y - a wand of iceblast (5)
Scrolls
 c - 2 scrolls of teleportation
 e - 2 scrolls of noise
 g - a scroll of immolation {unknown}
 i - 7 scrolls of magic mapping
 l - 2 scrolls of enchant weapon
 m - 2 scrolls of vulnerability {unknown}
 n - a scroll of enchant armour {unknown}
 s - 2 scrolls of torment {unknown}
 t - 2 scrolls of fog {unknown}
 w - 3 scrolls of summoning {unknown}
 x - 2 scrolls of amnesia {unknown}
 B - 3 scrolls of poison {unknown}
Potions
 j - a potion of berserk rage
 u - a potion of mutation
 D - 2 potions of attraction


   Skills:
 - Level 1.1 Fighting
 - Level 1.7 Dodging
 - Level 9.0 Unarmed Combat
 - Level 2.0 Spellcasting
 + Level 8.9 Transmutations


You had 2 spell levels left.
You knew the following spells:

 Your Spells              Type           Power      Damage    Failure   Level
a - Beastly Appendage     Tmut           68%        N/A       1%          1
b - Wereblood             Tmut           34%        N/A       1%          2
c - Spider Form           Tmut/Pois      17%        N/A       9%          3
d - Ice Form              Ice/Tmut       17%        N/A       28%         4

Your spell library contained the following spells:

 Spells                   Type           Power      Damage    Failure   Level
 Ensorcelled Hibernation  Hex/Ice        2%         N/A       26%         2
 Ignite Poison            Fire/Tmut/Pois 12%        N/A       16%         3
 Kindle Blastsparks       Fire/Tloc/Air  2%         2d10      47%         3
 Anguish                  Hex/Necr       0%         N/A       87%         4
 Cause Fear               Hex            0%         N/A       87%         4
 Dragon Form              Tmut           17%        N/A       98%         7
 Freezing Cloud           Conj/Ice/Air   0%         6-21      99%         5
 Dragon's Call            Summ           0%         N/A       100%        9


Dungeon Overview and Level Annotations

Branches:
Dungeon (6/15)             Temple (1/1) D:4

Altars:
Ashenzari
Cheibriados
Elyvilon
Fedhas
Gozag
Hepliaklqana
Kikubaaqudgha
Makhleb
Nemelex Xobeh
Okawaru
Qazlal
Sif Muna
Trog
Vehumet
Xom
Yredelemnul
Zin
The Shining One

Portals:
Abyss: D:6

Annotations:
D:2 1 runed translucent door, Crazy Yiuf
D:4 Pikel
D:5 2 transporters
D:6 2 transporters, AppleFox63's ghost, novice DjFE


Innate Abilities, Weirdness & Mutations

You are a creature of crystalline ice.
You have a powerful freezing melee attack.
You are amphibious.
Your maximum health is increased.
Your armour is entirely melded.
You are incapable of wielding weapons or throwing items.
((You can spit globs of acid.))
((Your golden yellow scales are hard. (AC +7)))
You cannot fit into any form of body armour.
((You are cold-blooded and may be slowed by cold attacks.))
((You are resistant to acid. (rCorr)))


Message History

The ufetubus hits you but does no damage.
You pummel the wight!!
You destroy the wight!
The ufetubus hits you.
The ufetubus hits you but does no damage.
The ufetubus barely misses you. The ufetubus closely misses you. x2
The ufetubus hits you.
You hit the ufetubus but do no damage.
The ufetubus hits you but does no damage.
The ufetubus hits you.
You hit the ufetubus. You freeze the ufetubus.
The ufetubus is heavily wounded.
The ufetubus hits you but does no damage. x2
You closely miss the ufetubus.
The ufetubus is heavily wounded.
The ufetubus misses you. The ufetubus hits you.
You hit the ufetubus.
You kill the ufetubus!
The wight hits you from afar with a +5 halberd!
You feel drained.
Found a potion of lignification.
The wight hits you with a +5 halberd!
Things that are here:
a +4 long sword; a +0 robe; a bullfrog corpse You punch the wight!
You freeze the wight.
The wight is almost destroyed.
The wight hits you with a +5 halberd!
You barely miss the wight.
The wight is almost destroyed.
The wight hits you with a +4 short sword.
You feel drained. The wight hits you with a +5 halberd!
* * * LOW HITPOINT WARNING * * *
You feel drained.
* * * LOW HITPOINT WARNING * * *
The wight misses you.
Okay, then.
You feel better.
The wight hits you from afar with a +5 halberd!!
* * * LOW HITPOINT WARNING * * *
The wight hits you with a +4 short sword!
You die...

..# #.####...............##.##.
..# #....................#u..##
.## #.####...............##...#
.#### #.# ######...#####...#
... ....# #.# #...........###..
###.# #.# #..<#####.....#.#
###.###.# #..†# ##....©#©
#.......#########...####.....##
#.#.####......#.Y...........##
.# .†...#
#<......z#.####.##...#.##.
.....#
#.....z#.#.####.##..##....
#.##.#
#....>.##)..........#u....
..##.#
#..........####.#...#####.
####.# #..........#
#.....###.## ####.#
####............#........#
.....# #........###.#.........
###### .........# #.#.........


You could see 2 wights.

Vanquished Creatures
  Edmund (D:4)
  3 water moccasins
  A sky beast (D:6)
  2 ice beasts (D:6)
  An ogre (D:5)
  A lemure (D:4)
  A phantom (D:5)
  3 bullfrogs
  A kobold brigand (D:6)
  2 scorpions (D:5)
  3 necrophages
  A wight (D:6)
  2 hounds (D:6)
  An orc priest (D:5)
  A gnoll bouda (D:6)
  6 iguanas
  2 orc wizards (D:5)
  Robin (D:2)
  13 gnolls
  10 adders
  A shadow imp (D:5)
  A white imp (D:5)
  An ufetubus (D:6)
  2 worms
  5 dart slugs
  25 orcs
  8 endoplasms
  3 giant cockroaches
  20 goblins
  7 hobgoblins
  2 jackals (D:3)
  12 kobolds
  A quokka (D:5)
  9 ball pythons
  4 bats
  5 frilled lizards
  3 rats
165 creatures vanquished.

Vanquished Creatures (others)
  2 fungi (D:2)
  6 plants (D:5)
8 creatures vanquished.

Grand Total: 173 creatures vanquished

Notes
Turn   | Place    | Note
-------+----------+-------------------------------------------
     0 | D:1      | Leeroy the Draconian Transmuter began the quest for the
                  | Orb.
     0 | D:1      | Reached XP level 1. HP: 16/16 MP: 3/3
   121 | D:1      | Reached XP level 2. HP: 18/23 MP: 1/5
   296 | D:1      | Reached skill level 4 in Unarmed Combat
   347 | D:1      | Learned a level 2 spell: Wereblood
   568 | D:2      | Reached XP level 3. HP: 28/28 MP: 4/6
   951 | D:2      | Identified the +0 helmet of the Blizzard {+Inv rF+}
   951 | D:2      | Noticed Robin
   964 | D:2      | Killed Robin
   965 | D:2      | Reached skill level 5 in Unarmed Combat
   965 | D:2      | Reached XP level 4. HP: 35/35 MP: 7/7
  1289 | D:2      | Found a runed translucent door.
  1290 | D:2      | Noticed Crazy Yiuf
  1562 | D:3      | Found a sparkling altar of Nemelex Xobeh.
  1645 | D:2      | Reached XP level 5. HP: 27/40 MP: 4/8
  1710 | D:3      | Reached skill level 6 in Unarmed Combat
  1984 | D:3      | Learned a level 3 spell: Spider Form
  3152 | D:4      | Reached XP level 6. HP: 47/47 MP: 9/9
  3560 | D:4      | Found a staircase to the Ecumenical Temple.
  3581 | Temple   | Entered the Ecumenical Temple
  3906 | D:4      | Noticed Edmund
  4062 | D:4      | Noticed Pikel
  4380 | D:5      | Entered Level 5 of the Dungeon
  4380 | D:5      | Noticed a water moccasin
  4806 | D:5      | Found an ancient bone altar of Kikubaaqudgha.
  5024 | D:5      | Your scales start taking on a golden yellow colour.
  5024 | D:5      | Reached XP level 7. HP: 39/52 MP: 10/10
  5024 | D:5      | Gained mutation: You are resistant to acid. (rCorr) [Yellow
                  | Draconian growth]
  5306 | D:5      | Reached skill level 7 in Unarmed Combat
  5408 | D:5      | Reached skill level 5 in Transmutations
  5733 | D:5      | Found a transporter.
  6071 | D:4      | Killed Edmund
  6180 | D:5      | Reached XP level 8. HP: 59/59 MP: 11/11
  6404 | D:5      | Reached skill level 8 in Unarmed Combat
  6437 | D:5      | Found a transporter.
  7096 | D:6      | Found a transporter.
  7102 | D:6      | Noticed a cyan ugly thing
  7103 | D:6      | Found a one-way gate to the infinite horrors of the Abyss.
  7103 | D:6      | Noticed a thrashing horror
  7103 | D:6      | Noticed AppleFox63's ghost (novice DjFE)
  7119 | D:6      | Found a transporter.
  7203 | D:6      | Reached skill level 9 in Unarmed Combat
  7429 | D:6      | Learned a level 4 spell: Ice Form
  7560 | D:6      | Reached XP level 9. HP: 64/64 MP: 12/12
  7817 | D:6      | HP: 2/69 [wight/+5 halberd (18)]
  7818 | D:6      | Slain by a wight

Illustrated notes

Levels and vault maps discovered:
D:1:      dpeg_arrival_fog, layout_rooms, kennysheep_flooded_box
D:2:      layout_basic, serial_curves, eino_curves_03, eino_curves_04,
          uniq_robin, uniq_crazy_yiuf_cottage
D:3:      layout_loops_cross, nemelex_diamond_rough_becter,
          minmay_misc_feat_cross, eino_tiny_chamber
D:4:      layout_basic, minmay_temple_entry_hall, nrook_mini_backslash,
          minmay_quadrilaterals, uniq_pikel, uniq_edmund
D:5:      gammafunk_cloud_chamber, layout_loops_corners,
          mainiacjoe_overflow_alcove_4
D:6:      layout_loops_cross, gammafunk_ghost_abyssal_escape
Temple:   compressed_dpeg_triangle_lava_temple

Skill      XL: |  1  2  3  4  5  6  7  8 |
---------------+-------------------------+-----
Unarmed Combat | 4 5 6 7 9 |  9.0
Transmutations | 3 4 6 8 |  8.9
Fighting       | |  1.1
Dodging        | |  1.7
Spellcasting   | |  2.0

Action                   |  1- 3 |  4- 6 |  7- 9 || total
-------------------------+-------+-------+-------++-------
Melee: Unarmed           |   102 |   226 |   214 ||   542
       Tailslap          |    11 |    11 |    22 ||    44
       Kick              |    15 |    19 |     5 ||    39
       Headbutt          |     8 |    15 |     3 ||    26
       Punch             |     3 |     4 |     5 ||    12
Throw: Throwing net      |       |       |     1 ||     1
 Cast: Beastly Appendage |    19 |    19 |     3 ||    41
       Wereblood         |       |     6 |     4 ||    10
       Spider Form       |       |     5 |     8 ||    13
       Ice Form          |       |       |     3 ||     3
 Abil: Breathe Acid      |       |       |     6 ||     6
  Use: Potion            |     1 |     3 |     2 ||     6
       Scroll            |       |     1 |     6 ||     7
Armor: Skin              |    43 |    59 |    51 ||   153
Dodge: Dodged            |    66 |   123 |   125 ||   314

Table legend: (Time is in decaauts)
 A = Elapsed time spent in this place.
 B = Non-inter-level travel time spent in this place.
 C = Inter-level travel time spent in this place.
 D = Time resting spent in this place.
 E = Time spent auto-exploring this place.
 F = Levels seen in this place.
 G = Mean time per level.
                   A        B        C        D        E       F      G
               +--------+--------+--------+--------+--------+-----+--------+
         Total |   7765 |   7455 |    310 |   2068 |   3840 |   7 | 1109.3 |
       Dungeon |   7536 |   7229 |    307 |   2068 |   3623 |   6 | 1256.0 |
        Temple |    228 |    225 |      3 |      0 |    217 |   1 |  228.0 |
               +--------+--------+--------+--------+--------+-----+--------+

Top non-repeatable levels by time:
     D:5: 1901 daAuts
     D:3: 1771 daAuts
     D:4: 1232 daAuts
     D:6: 1058 daAuts
     D:2: 1016 daAuts
     D:1: 558 daAuts
  Temple: 228 daAuts
